 Dungeon Crawl Stone Soup version 0.29-a0-468-ge57f7f99b4 (webtiles) character file.

Game seed: 12572017484151769357

239 greenreed the Poker (level 6, -20/55 HPs)
             Began as a Hill Orc Monk on May 21, 2022.
             Demolished by an ogre
             ... wielding a +0 giant club
              (24 damage)
             ... on level 5 of the Dungeon.
             The game lasted 00:13:36 (4618 turns).

greenreed the Poker (Hill Orc Monk)                 Turns: 4618, Time: 00:13:38

Health: -20/55     AC:  5    Str: 16    XL:     6   Next: 7%
Magic:  6/6        EV: 12    Int: 10    God:
Gold:   204        SH:  0    Dex: 13    Spells: 5/5 levels left

rFire   . . .      SeeInvis .   a - +0 spear
rCold   . . .      Faith    .   (no shield)
rNeg    . . .      Spirit   .   A - +0 troll leather armour {Pargi}
rPois   .          Reflect  .   o - +1 hat
rElec   .          Harm     .   (no cloak)
rCorr   .          Rampage  .   (no gloves)
Will    .....                   (no boots)
Stlth   ++........              (no amulet)
HPRegen 0.98/turn               l - +4 ring of slaying
MPRegen 0.10/turn               (no ring)

@: no status effects
A: no striking features
a: no special abilities


You were on level 5 of the Dungeon.
You visited 1 branch of the dungeon, and saw 5 of its levels.

You collected 240 gold pieces.
You spent 36 gold pieces at shops.

Inventory:

Hand Weapons
 a - a +0 spear (weapon)
 n - the +4 shortbow of Fortitude {flame, rElec Str-4 Dex+4 Stlth+}
   (You found it on level 3 of the Dungeon)

   Any ammunition fired from it burns those it strikes, dealing additional fire
   damage.
   Str:       It affects your strength (-4).
   Dex:       It affects your dexterity (+4).
   rElec:     It insulates you from electricity.
   Stlth:     It makes you more stealthy.
Missiles
 j - 8 poisoned darts (quivered)
 E - 4 silver javelins
Armour
 b - a +0 robe
 o - a +1 hat (worn)
 w - a +0 chain mail
 y - a +0 helmet
 z - a +0 plate armour
 A - a +0 troll leather armour (worn) {Pargi}
Jewellery
 l - a +4 ring of slaying (left hand)
Wands
 B - a wand of charming (5)
Scrolls
 d - 4 scrolls of immolation {unknown}
 e - 3 scrolls of identify {unknown}
 f - 5 scrolls of noise {unknown}
 g - 2 scrolls of poison {unknown}
 h - a scroll of brand weapon {unknown}
 q - 2 scrolls of amnesia {unknown}
 s - 2 scrolls of magic mapping {unknown}
 t - a scroll of fear {unknown}
 u - a scroll of enchant weapon {unknown}
 v - a scroll of blinking {unknown}
 F - a scroll of teleportation {unknown}
Potions
 c - a potion of ambrosia
 i - 3 potions of attraction {unknown}
 k - a potion of invisibility {unknown}
 m - a potion of might {unknown}
 p - 3 potions of curing
 r - a potion of heal wounds {unknown}
 x - a potion of magic {unknown}
 C - 3 potions of lignification {unknown}
 D - a potion of cancellation {unknown}


   Skills:
 + Level 4.8 Fighting
 + Level 5.3 Polearms
 + Level 0.7 Throwing
 + Level 2.2 Armour
 + Level 3.0 Dodging
 - Level 1.6 Stealth


You had 5 spell levels left.
You didn't know any spells.
Your spell library contained the following spells:

 Spells                   Type           Power      Damage    Failure   Level
 Tukima's Dance           Hex            0%         N/A       80%         3
 Passage of Golubria      Tloc           0%         N/A       99%         4
 Yara's Violent Unravell  Hex/Tmut       0%         3d3       100%        5


Dungeon Overview and Level Annotations

Branches:
Dungeon (5/15)             Temple (0/1) D:4

Altars:
Hepliaklqana
Wu Jian
The Shining One

Shops:
D:2 !   D:4 (

Annotations:
D:4 Dowan, Duvessa


Message History

There is a stone staircase leading down here.
You climb downwards.
You hear the sound of rushing water.
There is an entrance to a sewer on this level.
Hurry and find it before the portal rusts away!
The orc shouts! x2; You hear a shout!
The ogre shouts!
There is a stone staircase leading up here.
The orc shouts!
You hit the orc but do no damage. You hit the orc.
The orc is heavily wounded.
Okay, then.
Reach: a) +0 spear
Press: ? - help, Dir - move target, f - ogre
Aim: an ogre, wielding a +0 giant club (about 20% to evade your +0 spear)
You reach to attack!
You puncture the ogre!
The ogre is moderately wounded.
The orc hits you with a +0 dagger.
An orc comes into view. It is wielding a +0 short sword.
You hit the ogre.
The ogre is heavily wounded.
The orc hits you with a +0 dagger.
The ogre hits you with a +0 giant club!!
You hit the ogre.
The ogre is severely wounded.
The orc hits you but does no damage. The orc hits you with a +0 dagger.
The orc hits you with a +0 war axe.
You barely miss the ogre.
The ogre is severely wounded.
The ogre hits you with a +0 giant club!!
* * * LOW HITPOINT WARNING * * *
The orc closely misses you. The orc hits you with a +0 short sword.
* * * LOW HITPOINT WARNING * * *
The orc completely misses you. x2
You feel better. The orc hits you with a +0 short sword.
* * * LOW HITPOINT WARNING * * *
The orc closely misses you. The orc hits you with a +0 short sword.
* * * LOW HITPOINT WARNING * * *
The orc hits you but does no damage.
The ogre hits you with a +0 giant club!!
You die...

## ##
##..#####..##
##.....oo....##
+...8.O@o.8...+
##......o....##
##..#####..##
## ##


You could see an ogre and 4 orcs.

Vanquished Creatures
  Pargi (D:3)
  An iguana (D:4)
  An orc wizard (D:3)
  3 adders
  4 dart slugs
  3 orcs (D:3)
  2 endoplasms
  A giant cockroach (D:1)
  5 goblins
  5 hobgoblins
  2 quokkas
  9 ball pythons
  5 bats
  6 frilled lizards
  4 kobolds
  6 rats
58 creatures vanquished.

Notes
Turn   | Place    | Note
-------+----------+-------------------------------------------
     0 | D:1      | greenreed the Hill Orc Monk began the quest for the Orb.
     0 | D:1      | Reached XP level 1. HP: 19/19 MP: 1/1
   326 | D:1      | Reached XP level 2. HP: 27/27 MP: 2/2
   745 | D:1      | Found a faded altar of an unknown god.
  1113 | D:2      | You fall into a shaft and drop 1 floor!
  1145 | D:3      | Noticed Pargi
  1228 | D:3      | Identified the +4 shortbow of Fortitude {flame, rElec Str-4
                  | Dex+4 Stlth+}
  1372 | D:2      | Reached XP level 3. HP: 27/33 MP: 3/3
  1476 | D:2      | Found Puogg's Distillery.
  1541 | D:2      | Bought a potion of curing for 36 gold pieces
  1597 | D:2      | Reached skill level 4 in Polearms
  2244 | D:3      | Reached XP level 4. HP: 37/41 MP: 4/4
  2647 | D:3      | Found a hazy altar of Hepliaklqana.
  2732 | D:3      | Found an ornate altar of the Wu Jian Council.
  3041 | D:3      | Killed Pargi
  3042 | D:3      | Reached skill level 5 in Polearms
  3042 | D:3      | Reached skill level 1 in Armour
  3042 | D:3      | Reached XP level 5. HP: 7/47 MP: 5/5
  3724 | D:4      | Noticed Duvessa
  3726 | D:4      | Noticed Dowan
  3893 | D:4      | Found a staircase to the Ecumenical Temple.
  3907 | D:4      | Reached XP level 6. HP: 23/55 MP: 6/6
  4127 | D:4      | Found Tywkihei's Weapon Emporium.
  4400 | D:4      | Found a glowing golden altar of the Shining One.
  4611 | D:5      | Entered Level 5 of the Dungeon
  4617 | D:5      | HP: 2/55 [orc/+0 short sword (2)]
  4618 | D:5      | Demolished by an ogre

Illustrated notes

Levels and vault maps discovered:
D:1:      minmay_arrival_shattered_statue, layout_loops_corners,
          shapermc_ecumenical_altar_ellora, hangedman_abyss_or_decor_stabs
D:2:      layout_loops_cross, serial_shops, nicolae_shop_hallway_stairs
D:3:      layout_basic, marbit_many_paths, pdpol_wu_jian_five_deadly_venoms,
          uniq_pargi
D:4:      layout_loops_corners, nicolae_overflow_hidden_temple,
          minmay_temple_entry_drinking_statues, serial_shops,
          nicolae_shop_bloodbath_and_beyond, nicolae_figureground_pulse,
          uniq_duvessa
D:5:      layout_rooms, general_overflow_altar, gup_sewer_entry_pipe,
          minmay_misc_feat_five, grunt_ministairs_15, minmay_manual_moon

Skill      XL: |  1  2  3  4  5 |
---------------+----------------+-----
Fighting       | 4 |  4.8
Polearms       | 4 5 |  5.3
Armour         | 1 2 |  2.2
Dodging        | 3 |  3.0
Throwing       | |  0.7
Stealth        | |  1.6

Action                   |  1- 3 |  4- 6 || total
-------------------------+-------+-------++-------
Melee: Spear             |   125 |   122 ||   247
       Punch             |     2 |     1 ||     3
Throw: Dart              |     3 |     5 ||     8
  Use: Potion            |       |     1 ||     1
 Stab: Sleeping          |     5 |     1 ||     6
Armor: Robe              |    14 |       ||    14
       Chain mail        |     9 |    37 ||    46
       Troll leather arm |       |    10 ||    10
Dodge: Dodged            |    44 |    42 ||    86

Table legend: (Time is in decaauts)
 A = Elapsed time spent in this place.
 B = Non-inter-level travel time spent in this place.
 C = Inter-level travel time spent in this place.
 D = Time resting spent in this place.
 E = Time spent auto-exploring this place.
 F = Levels seen in this place.
 G = Mean time per level.
                   A        B        C        D        E       F      G
               +--------+--------+--------+--------+--------+-----+--------+
         Total |   4588 |   4339 |    249 |     33 |   3640 |   5 |  917.6 |
       Dungeon |   4588 |   4339 |    249 |     33 |   3640 |   5 |  917.6 |
               +--------+--------+--------+--------+--------+-----+--------+

Top non-repeatable levels by time:
     D:3: 1483 daAuts
     D:4: 1142 daAuts
     D:1: 1103 daAuts
     D:2: 853 daAuts
     D:5: 5 daAuts
